 Dungeon Crawl Stone Soup version 0.30-a0-219-gf2db51d15e (webtiles) character file.

Game seed: 3697948081561307705

5819 lorenzova the Thaumaturge (level 10, 0/50 HPs)
             Began as a Deep Elf Conjurer on Oct 7, 2022.
             Was a Follower of Vehumet.
             Shot with an arrow by a centaur warrior (23 damage)
             ... on level 8 of the Dungeon.
             The game lasted 00:27:01 (13760 turns).

lorenzova the Thaumaturge (Deep Elf Conjurer)      Turns: 13760, Time: 00:27:02

Health: 0/50       AC:  4    Str:  7    XL:     10   Next: 51%
Magic:  18/28      EV: 12    Int: 31    God:    Vehumet [*.....]
Gold:   515        SH:  0    Dex: 11    Spells: 18/33 levels left

rFire   . . .      SeeInvis .    w - +1 hand axe (venom)
rCold   + . .      Faith    .    (no shield)
rNeg    . . .      Spirit   .    l - +2 robe {Will+}
rPois   +          Reflect  .    (no helmet)
rElec   .          Harm     .    (no cloak)
rCorr   .          Rampage  .    (no gloves)
Will    ++...      Rage     3%   (no boots)
Stlth   ++........               (no amulet)
HPRegen 0.28/turn                d - ring of poison resistance
MPRegen 0.21/turn                s - ring of protection from cold

@: no status effects
A: berserk 1, clever 1, strong 1
a: Renounce Religion


You were on level 8 of the Dungeon.
You worshipped Vehumet.
Vehumet was aware of your devotion.
You visited 2 branches of the dungeon, and saw 10 of its levels.

You collected 548 gold pieces.
You spent 33 gold pieces at shops.

Inventory:

Hand Weapons
 w - a +1 hand axe of venom (weapon)
Missiles
 i - 2 throwing nets
Armour
 l - a +2 robe of willpower (worn)
Magical Staves
 A - a staff of air
Jewellery
 d - a ring of poison resistance (left hand)
 s - a ring of protection from cold (right hand)
Wands
 p - a wand of flame (39)
 r - a wand of mindburst (12)
 v - a wand of iceblast (5)
 y - a wand of polymorph (6)
Scrolls
 e - a scroll of enchant weapon {unknown}
 g - a scroll of summoning {unknown}
 h - 2 scrolls of fear
 m - 6 scrolls of teleportation
 n - 2 scrolls of fog {unknown}
 o - a scroll of amnesia {unknown}
 q - a scroll of vulnerability {unknown}
 x - 2 scrolls of blinking {unknown}
 z - a scroll of poison
Potions
 a - 2 potions of haste {unknown}
 b - 3 potions of flight
 c - a potion of attraction {unknown}
 f - 2 potions of mutation
 j - a potion of berserk rage {unknown}
 k - 4 potions of curing
 t - a potion of ambrosia {unknown}
 B - a potion of might {unknown}
 C - 2 potions of cancellation {unknown}


   Skills:
 - Level 2.4 Dodging
 - Level 2.4 Stealth
 * Level 12.1 Spellcasting
 * Level 10.9 Conjurations
 + Level 5.8 Hexes
 + Level 4.8 Translocations
 * Level 7.2 Fire Magic


You had 18 spell levels left.
You knew the following spells:

 Your Spells              Type           Power      Damage    Failure   Level
a - Magic Dart            Conj           100%       1d8       1%          1
b - Searing Ray           Conj           100%       2d8       1%          2
c - Iskenderun's Mystic   Conj/Tloc      61%        2d13      1%          4
d - Fulminant Prism       Conj/Hex       31%        3d16      1%          4
s - Sticky Flame          Conj/Fire      66%        2d8       1%          4

Your spell library contained the following spells:

 Spells                   Type           Power      Damage    Failure   Level
 Kiss of Death            Conj/Necr      100%       2d13      1%          1
 Dazzling Flash           Conj/Hex       100%       N/A       1%          3
 Portal Projectile        Hex/Tloc       100%       N/A       1%          3
 Tukima's Dance           Hex            53%        N/A       1%          3
 Ignite Poison            Fire/Tmut/Pois 33%        N/A       3%          3
 Blade Hands              Tmut           9%         N/A       58%         5
 Ignition                 Fire           29%        3d9       100%        8


Dungeon Overview and Level Annotations

Branches:
Dungeon (9/15)             Temple (1/1) D:7
   Lair: D:8-11         Orc: D:9-12

Altars:
Ashenzari
Dithmenos
Gozag
Hepliaklqana
Kikubaaqudgha
Qazlal
Sif Muna
Trog
Uskayaw
Vehumet
Xom
Zin
The Shining One

Shops:
D:1 *   D:2 *   D:5 *   D:9 (

Annotations:
D:4 Dowan, Duvessa
D:7 1 runed translucent door, exclusion: 2 downstairs, Inkie2's ghost, novice MeCK


Innate Abilities, Weirdness & Mutations

You sometimes lose your temper in combat.
Your mind is acute. (Int +4, Str/Dex -1)
Your muscles are strong. (Str +4, Int/Dex -1)


Message History

Aim: a centaur warrior, wielding a +0 longbow and quivering stones (wandering, hasn't noticed you)
The sticky flame hits the centaur warrior.
The centaur warrior is lightly wounded.
The centaur warrior shouts!
The centaur warrior is covered in liquid flames!
The centaur warrior burns!
The centaur warrior unwields a +0 longbow.
The centaur warrior wields a +0 whip.
The centaur warrior hits you with a +0 whip!
The centaur warrior kicks you.
The centaur warrior hits you with a +0 whip!
The centaur warrior kicks you.
* * * LOW HITPOINT WARNING * * *
You feel much better.
The centaur warrior burns!
The centaur warrior misses you.
The centaur warrior kicks you but does no damage.
Casting: Sticky Flame (dangerous; 1% risk of failure)
Confirm with . or Enter, or press ? or * to list all spells.
You erupt in a blast of force!
The mystic blast hits the centaur warrior!
The centaur warrior is heavily wounded.
The centaur warrior is knocked back by the mystic blast.
The centaur warrior burns!
The centaur warrior stops burning.
The centaur warrior unwields a +0 whip.
The centaur warrior wields a +0 longbow.
The centaur warrior shoots an arrow.
The arrow hits you!!
Casting: Iskenderun's Mystic Blast (dangerous; 1% risk of failure)
Confirm with . or Enter, or press ? or * to list all spells.
You can't see any susceptible monsters within range! (Use Z to cast anyway.) Unknown command.
Casting: Iskenderun's Mystic Blast (dangerous; 1% risk of failure)
Confirm with . or Enter, or press ? or * to list all spells.
Aiming: Searing Ray (safe; 1% risk of failure)
Press: ? - help, Shift-Dir - straight line, f/p - centaur warrior
Aim: a centaur warrior, wielding a +0 longbow and quivering stones (heavily wounded, 87% to hit)
The searing ray hits the centaur warrior but does no damage.
The centaur warrior is heavily wounded. (Press . to maintain the ray.)
The centaur warrior shoots an arrow.
The arrow hits you!!
You die...

≈≈.....#........#.###
≈≈≈≈.#......#.......#
≈≈≈≈≈########.##.##.#
≈≈≈≈≈≈≈.. #.##.##.#
≈≈≈≈≈≈≈≈. #.......#
≈≈≈≈≈≈≈≈.## #.#.###.#
≈≈≈≈≈≈≈≈≈.# #.......#
≈≈≈≈≈≈≈≈≈.# #.#.<##.#
≈≈≈≈≈≈≈≈≈.###.##@##.#
≈≈≈≈≈C≈≈≈...#.##.##.#
≈≈≈≈≈≈≈≈#....†......#
≈≈≈≈≈......#.#.#c####
≈#.###)#...#.#...#
<..# # #..##.##..#
..........#...#..#
.#####.#.##.#.##.# ..
.....#.. ..#..#. .. .


You could see a centaur warrior.

Vanquished Creatures
  A deep elf pyromancer (D:8)
  An ugly thing (D:8)
  A tengu conjurer (D:8)
  A kobold demonologist (D:9)
  Grinder (D:3)
  Prince Ribbit (D:7)
  A vampire (D:9)
  Sigmund (D:3)
  A wyvern (D:8)
  A vampire mosquito (D:8)
  Menkaure (D:7)
  A water moccasin (D:6)
  3 orc warriors
  A black bear (D:7)
  3 ogres
  5 centaurs
  10 kobold brigands
  4 scorpions
  3 bullfrogs
  5 killer bees (D:9)
  2 howler monkeys (D:7)
  3 hounds
  A gnoll bouda (D:5)
  An orc priest (D:9)
  4 iguanas
  2 jellies
  Jessica (D:3)
  8 orc wizards
  Natasha (thrice) (D:3)
  5 adders
  9 gnolls
  4 white imps
  3 worms (D:2)
  4 dart slugs
  20 orcs
  8 endoplasms
  9 giant cockroaches
  9 goblins
  10 hobgoblins
  11 jackals
  35 kobolds
  4 quokkas
  10 ball pythons
  2 bats
  A frilled lizard (D:1)
  20 rats
235 creatures vanquished.

Vanquished Creatures (others)
  9 fulminant prisms
  2 withered plants (D:7)
11 creatures vanquished.

Grand Total: 246 creatures vanquished

Notes
Turn   | Place    | Note
-------+----------+-------------------------------------------
     0 | D:1      | lorenzova the Deep Elf Conjurer began the quest for the
                  | Orb.
     0 | D:1      | Reached XP level 1. HP: 10/10 MP: 6/6
   336 | D:1      | Reached XP level 2. HP: 15/15 MP: 3/8
   409 | D:1      | Learned a level 2 spell: Searing Ray
   723 | D:1      | Reached skill level 4 in Spellcasting
   728 | D:1      | Reached skill level 5 in Conjurations
   728 | D:1      | Reached XP level 3. HP: 17/19 MP: 7/10
   766 | D:1      | Found a faded altar of an unknown god.
   817 | D:1      | Found Ixzysar's Assorted Antiques.
  1520 | D:2      | Found Worruid's General Store.
  1532 | D:2      | Bought a scroll of teleportation for 33 gold pieces
  1758 | D:2      | Reached XP level 4. HP: 24/24 MP: 7/12
  1973 | D:3      | Noticed Natasha
  1977 | D:3      | Killed Natasha
  1978 | D:3      | Reached skill level 5 in Spellcasting
  2405 | D:3      | Noticed Natasha
  2410 | D:3      | Killed Natasha
  3446 | D:3      | Noticed Grinder
  3571 | D:3      | Killed Grinder
  3572 | D:3      | Reached skill level 6 in Spellcasting
  3572 | D:3      | Reached XP level 5. HP: 12/28 MP: 2/16
  3572 | D:3      | Reached XP level 6. HP: 14/32 MP: 2/17
  3731 | D:3      | Noticed Natasha
  3736 | D:3      | Killed Natasha
  3791 | D:3      | Learned a level 4 spell: Iskenderun's Mystic Blast
  3796 | D:3      | Learned a level 4 spell: Fulminant Prism
  3801 | D:3      | Learned a level 4 spell: Sticky Flame
  4031 | D:3      | Noticed Sigmund
  4098 | D:3      | You fall into a shaft and drop 3 floors!
  4133 | D:5      | Entered Level 5 of the Dungeon
  4321 | D:4      | Noticed Duvessa
  4396 | D:3      | Noticed Jessica
  4398 | D:3      | Killed Jessica
  4399 | D:3      | Reached skill level 7 in Spellcasting
  4537 | D:3      | Killed Sigmund
  4538 | D:3      | Reached XP level 7. HP: 26/36 MP: 13/20
  4810 | D:4      | Reached skill level 8 in Spellcasting
  4925 | D:4      | Found an opulent altar of Gozag.
  4931 | D:4      | Found a shadowy altar of Dithmenos.
  4936 | D:4      | Found a stormy altar of Qazlal.
  5531 | D:4      | Noticed Dowan
  5601 | D:5      | Found a shimmering blue altar of Sif Muna.
  6282 | D:5      | Found Arod's Assorted Antiques.
  6314 | D:5      | Reached skill level 1 in Fire Magic
  6360 | D:5      | Reached XP level 8. HP: 41/41 MP: 15/22
  6366 | D:5      | Reached skill level 1 in Hexes
  6373 | D:5      | Reached skill level 9 in Spellcasting
  6490 | D:5      | Reached skill level 1 in Translocations
  6808 | D:5      | Gained mutation: Your muscles are strong. (Str +4, Int/Dex
                  | -1) [potion of mutation]
  6808 | D:5      | Gained mutation: You sometimes lose your temper in combat.
                  | [potion of mutation]
  6808 | D:5      | Gained mutation: Your mind is acute. (Int +4, Str/Dex -1)
                  | [potion of mutation]
  8229 | D:6      | Reached skill level 10 in Spellcasting
  8697 | D:6      | Reached XP level 9. HP: 45/45 MP: 19/25
  9119 | D:7      | Found a staircase to the Ecumenical Temple.
  9308 | Temple   | Entered the Ecumenical Temple
  9324 | Temple   | Became a worshipper of Vehumet
  9346 | D:7      | Noticed Menkaure
  9356 | D:7      | Killed Menkaure
  9648 | D:7      | Found a glowing golden altar of the Shining One.
  9703 | D:7      | Noticed Prince Ribbit
  9710 | D:7      | Killed Prince Ribbit
  9827 | D:7      | Reached skill level 5 in Fire Magic
 10004 | D:7      | Found a runed translucent door.
 10004 | D:7      | Noticed Inkie2's ghost (novice MeCK)
 10453 | D:8      | Noticed a centaur warrior
 10453 | D:8      | Noticed a cyclops
 10453 | D:8      | Noticed a deep elf pyromancer
 10453 | D:8      | Noticed a death knight
 10720 | D:9      | Reached skill level 11 in Spellcasting
 10720 | D:9      | Reached skill level 10 in Conjurations
 10727 | D:9      | Reached * piety under Vehumet
 10727 | D:9      | Offered knowledge of Kiss of Death by Vehumet.
 11040 | D:9      | Noticed a kobold demonologist
 11044 | D:9      | Killed a kobold demonologist
 11057 | D:9      | Reached XP level 10. HP: 37/50 MP: 12/27
 11132 | D:9      | Reached skill level 5 in Hexes
 12369 | D:9      | Found Pin Joloo's Antique Weapon Emporium.
 12388 | D:9      | Found a glowing silver altar of Zin.
 12454 | D:9      | Identified the +7 scale mail of Dayj {rPois rN+ Stlth-}
 12922 | D:8      | Noticed a brown ugly thing
 13047 | D:8      | Killed a brown ugly thing
 13446 | D:8      | Killed a deep elf pyromancer
 13447 | D:8      | Reached skill level 12 in Spellcasting
 13760 | D:8      | Shot with an arrow by a centaur warrior

Illustrated notes

Levels and vault maps discovered:
D:1:      ncdulo_wetmaze, layout_loops_ring, serial_shops,
          nicolae_shop_overgrown_old_shop,
          chequers_ecumenical_altar_simple_redux
D:2:      layout_basic, serial_shops, shop
D:3:      layout_rooms, minmay_misc_feat_room, grunt_decor_clamped, hex_tiny,
          uniq_jessica, uniq_natasha, uniq_sigmund, uniq_grinder
D:4:      layout_loops_ring, minitemple, minmay_rat_hole, uniq_duvessa
D:5:      layout_cave_pools, led_sif_book, nicolae_take_the_stairs,
          kennysheep_generic_room_11
D:6:      cheibrodos_thug_alley, layout_loops_corners, grunt_ministairs_12,
          palyth_stone_intersect, nicolae_figureground_sparkle
D:7:      layout_basic, lemuel_crystal_altar, minmay_temple_entry_junction,
          gammafunk_ghost_grave, uniq_menkaure, uniq_prince_ribbit1
D:8:      minmay_the_grid_triangle_9x9_recursive_2
          [minmay_the_grid_triangle_9x9_prize_top_heavy,
          minmay_the_grid_triangle_9x9_subtriangle,
          minmay_the_grid_triangle_9x9_cache,
          minmay_the_grid_triangle_9x9_descending_squares], layout_loops_cross,
          centaur_isle
D:9:      layout_loops_ring, zin_scriptorium, serial_shops,
          nicolae_stop_n_shop_2
Temple:   nicolae_temple_bog_church

Skill      XL: |  1  2  3  4  5  6  7  8  9 10 |
---------------+-------------------------------+-----
Spellcasting   | 4 6 7 8 10 11 12 | 12.1
Conjurations   | 5 6 7 8 9 10 | 10.9
Fire Magic     | 1 4 6 7 |  7.2
Hexes          | 3 4 5 |  5.8
Translocations | 2 4 |  4.8
Dodging        | |  2.4
Stealth        | |  2.4

Action                   |  1- 3 |  4- 6 |  7- 9 | 10-12 || total
-------------------------+-------+-------+-------+-------++-------
Melee: Unarmed           |     1 |       |       |       ||     1
       Hand axe          |       |       |     6 |       ||     6
 Cast: Magic Dart        |    80 |    64 |   164 |    26 ||   334
       Searing Ray       |     2 |     7 |    52 |    11 ||    72
       Iskenderun's Myst |       |       |    13 |    21 ||    34
       Fulminant Prism   |       |       |     5 |     4 ||     9
       Sticky Flame      |       |       |       |     1 ||     1
  Use: Scroll            |     2 |     3 |     5 |       ||    10
       Potion            |     1 |       |     3 |     1 ||     5
Armor: Robe              |     1 |       |     8 |     2 ||    11
Dodge: Dodged            |     9 |    12 |    45 |    13 ||    79

Table legend: (Time is in decaauts)
 A = Elapsed time spent in this place.
 B = Non-inter-level travel time spent in this place.
 C = Inter-level travel time spent in this place.
 D = Time resting spent in this place.
 E = Time spent auto-exploring this place.
 F = Levels seen in this place.
 G = Mean time per level.
                   A        B        C        D        E       F      G
               +--------+--------+--------+--------+--------+-----+--------+
         Total |  13785 |  13453 |    332 |   7570 |   3741 |  10 | 1378.5 |
       Dungeon |  13758 |  13436 |    322 |   7570 |   3737 |   9 | 1528.7 |
        Temple |     27 |     17 |     10 |      0 |      4 |   1 |   27.0 |
               +--------+--------+--------+--------+--------+-----+--------+

Top non-repeatable levels by time:
     D:3: 2571 daAuts
     D:6: 2162 daAuts
     D:7: 2087 daAuts
     D:9: 1560 daAuts
     D:5: 1300 daAuts
     D:8: 1167 daAuts
     D:1: 1105 daAuts
     D:4: 928 daAuts
     D:2: 874 daAuts
  Temple: 27 daAuts
